 Dungeon Crawl Stone Soup version 0.29.0-4-gdea44cf6ec (webtiles) character file.

Game seed: 13609191695081021305

1756 qw the Cleaver (level 9, -8/50 (52) HPs)
             Began as a Tengu Warper on Aug 28, 2022.
             Mangled by a wight
             ... wielding a +3 scimitar
              (11 damage)
             ... on level 6 of the Dungeon.
             The game lasted 00:00:29 (5042 turns).

qw the Cleaver (Tengu Warper)                       Turns: 5042, Time: 00:00:30

HP:   -8/50 (52)    AC: 10    Str: 16    XL:     9   Next: 6%
MP:   13/13         EV:  8    Int: 14    God:
Gold: 155           SH:  0    Dex: 13    Spells: 12/12 levels left

rFire   . . .      SeeInvis .   Y - +1 hand axe
rCold   + . .      Faith    .   (no shield)
rNeg    . . .      Spirit   .   c - +0 chain mail
rPois   .          Reflect  .   (helmet restricted)
rElec   .          Harm     .   (no cloak)
rCorr   .          Rampage  .   k - +0 pair of gloves
Will    .....                   (boots unavailable)
Stlth   ..........              (no amulet)
HPRegen 0.96/turn               (no ring)
MPRegen 0.13/turn               (no ring)

@: flying quickly and evasively, lightly drained, unable to drink, quick
A: beak, talons 3, nimble flight, cold resistance 1, regeneration 1, inability
to drink after injury 1
a: no special abilities


You were on level 6 of the Dungeon.
You visited 1 branch of the dungeon, and saw 6 of its levels.

You collected 201 gold pieces.
You spent 46 gold pieces at shops.


Innate Abilities, Weirdness & Mutations

You have a beak for a mouth.
You have claws for feet.
Your magical nature lets you fly swiftly and evasively.
Your flesh is cold resistant. (rC+)
Your natural rate of healing is unusually fast.
You occasionally lose the ability to drink potions when taking damage.


   Skills:
 - Level 4.5 Fighting
 + Level 9.7 Axes
 - Level 5.0 Throwing
 - Level 3.5 Armour
 - Level 2.1 Dodging
 - Level 2.0 Spellcasting
 - Level 2.4 Translocations


You had 12 spell levels left.
You didn't know any spells.
Your spell library contained the following spells:

 Spells                   Type           Power      Damage    Failure   Level
 Blink                    Tloc           16%        N/A       92%         2
 Gell's Gravitas          Tloc           8%         N/A       99%         3
 Lesser Beckoning         Tloc           8%         N/A       99%         3
 Teleport Other           Tloc           8%         N/A       99%         3
 Manifold Assault         Tloc           8%         N/A       100%        5

Inventory:

Hand Weapons
 b - a +0 whip of freezing
 Y - a +1 hand axe (weapon)
Missiles
 j - 2 javelins (quivered)
Armour
 c - a +0 chain mail (worn)
 k - a +0 pair of gloves (worn)
Scrolls
 a - 3 scrolls of identify
Potions
 d - 2 potions of resistance
 e - a potion of haste
 f - a potion of berserk rage {unknown}
 n - a potion of might

Dungeon Overview and Level Annotations

Branches:
Dungeon (6/15)
 Temple: D:4-7

Altars:
Ashenzari
Elyvilon
Hepliaklqana

Shops:
D:5 =*

Annotations:
D:6 3 runed translucent doors, qw's ghost, amateur TeWr


Message History

You feel stronger. x2
You slash the wight! You claw the wight. You peck the wight.
You destroy the wight!
You hit the wight but do no damage. You claw the wight.
You peck the wight, but do no damage.
The wight is lightly damaged.
You slash the wight! Your kick misses the wight. Your peck misses the wight.
The wight is severely damaged.
You closely miss the wight.
The wight is severely damaged.
You slash the wight! The wight closely misses you.
The wight hits you but does no damage.
You hit the wight. You claw the wight.
You destroy the wight!
You hit the wight but do no damage. The wight hits you with a +3 scimitar!
You feel threatened and lose the ability to drink potions!
You feel drained.
Your life force feels restored.
You closely miss the wight. Your kick misses the wight.
The wight is heavily damaged.
The wight hits you with a +3 scimitar.
You hit the wight but do no damage. Your kick misses the wight.
The wight is heavily damaged.
The wight hits you with a +3 scimitar.
You completely miss the wight. Your kick misses the wight.
The wight is heavily damaged.
You can drink potions again.
The wight hits you with a +3 scimitar!
You feel threatened and lose the ability to drink potions!
You feel drained.
You hit the wight but do no damage.
The wight is heavily damaged.
You hit the wight but do no damage. You claw the wight.
The wight is severely damaged.
The wight hits you but does no damage.
You hit the wight but do no damage. Your peck misses the wight.
The wight is severely damaged.
The wight hits you with a +3 scimitar!
You die...

####........................+
#........................#
#........................#
#.................(#######
###.#....##.#.######
#......+..#.# ###....####.#
#....# #%# #....# #@# #....#
#)z...# #....# ###...# #....#
...# #....# ..# ###### ....
.... ....


You could see a wight.

Vanquished Creatures
  Pikel (D:5)
  Sigmund (D:4)
  A black bear (D:6)
  An ogre (D:5)
  A centaur (D:6)
  A phantom (D:5)
  A necrophage (D:5)
  2 scorpions
  4 wights (D:6)
  A howler monkey (D:5)
  A hound (D:4)
  A jelly (D:5)
  An orc priest (D:6)
  Ijyb (D:4)
  3 iguanas
  An orc wizard (D:6)
  8 adders
  A shadow imp (D:6)
  A white imp (D:6)
  An ufetubus (D:4)
  4 worms (D:3)
  2 dart slugs
  3 orcs
  8 bats
  8 endoplasms
  3 giant cockroaches
  3 goblins (D:2)
  2 hobgoblins (D:3)
  6 jackals (D:1)
  10 kobolds
  2 quokkas
  7 ball pythons
  5 frilled lizards
  7 rats
  A spectral kobold (D:1)
104 creatures vanquished.

Notes
Turn   | Place    | Note
-------+----------+-------------------------------------------
     0 | D:1      | qw the Tengu Warper began the quest for the Orb.
     0 | D:1      | Reached XP level 1. HP: 12/12 MP: 4/4
     0 | D:1      | 0 ||| qw: Version: 0.1-a-89-g26bdef1
     0 | D:1      | 0 ||| qw: Game counter: 599
     0 | D:1      | 0 ||| qw: Always use a shield: true
     0 | D:1      | 0 ||| qw: God list: Okawaru
     0 | D:1      | 0 ||| qw: Allow faded altars: false
     0 | D:1      | 0 ||| qw: Do Orc after D:15 true
     0 | D:1      | 0 ||| qw: Do second Lair branch before Depths: true
     0 | D:1      | 0 ||| qw: Lair rune preference: random
     0 | D:1      | 0 ||| qw: Plans: Normal
     0 | D:1      | 0 ||| PLANNING D:1-11
    56 | D:1      | 56 ||| Stepping ~*~*~tactically~*~*~ (stealth).
    58 | D:1      | 58 ||| Stepping ~*~*~tactically~*~*~ (stealth).
    97 | D:1      | Reached XP level 2. HP: 14/17 MP: 6/6
   159 | D:1      | 159 ||| Stepping ~*~*~tactically~*~*~ (hiding).
   261 | D:1      | 261 ||| Stepping ~*~*~tactically~*~*~ (hiding).
   267 | D:1      | Found a faded altar of an unknown god.
   271 | D:1      | Reached skill level 3 in Axes
   275 | D:1      | 275 ||| Stepping ~*~*~tactically~*~*~ (water).
   489 | D:1      | 489 ||| Stepping ~*~*~tactically~*~*~ (stealth).
   492 | D:1      | 492 ||| Stepping ~*~*~tactically~*~*~ (stealth).
   498 | D:1      | HP: 4/17 [jackal (3)]
   505 | D:1      | 505 ||| Stepping ~*~*~tactically~*~*~ (stealth).
   506 | D:1      | 506 ||| Stepping ~*~*~tactically~*~*~ (stealth).
   676 | D:1      | 676 ||| Stepping ~*~*~tactically~*~*~ (stealth).
   866 | D:1      | 866 ||| Stepping ~*~*~tactically~*~*~ (stealth).
   879 | D:1      | Reached XP level 3. HP: 15/21 MP: 7/7
  1173 | D:1      | 1173 ||| Stepping ~*~*~tactically~*~*~ (stealth).
  1178 | D:1      | 1178 ||| Stepping ~*~*~tactically~*~*~ (stealth).
  1180 | D:1      | Reached skill level 4 in Axes
  1181 | D:1      | 1181 ||| Stepping ~*~*~tactically~*~*~ (stealth).
  1194 | D:1      | 1194 ||| Stepping ~*~*~tactically~*~*~ (stealth).
  1234 | D:1      | 1234 ||| UPGRADING to +0 pair of gloves.
  1239 | D:1      | 1239 ||| UPGRADING to +0 ring mail.
  1249 | D:1      | 1249 ||| DROPPING +0 leather armour.
  1250 | D:1      | 1250 ||| READING scroll labelled ZEL FUOGUNTOD.
  1251 | D:1      | 1251 ||| READING scroll labelled YXEUSIM ATUMN.
  1377 | D:1      | 1377 ||| READING scroll labelled SOMEPE WUGIL.
  1378 | D:1      | 1378 ||| READING scroll labelled XAREFR HUDWEKA.
  1379 | D:1      | 1379 ||| DRINKING 3 green potions.
  1380 | D:1      | 1380 ||| DRINKING 2 fuming green potions.
  1381 | D:1      | 1381 ||| DROPPING scroll of blinking.
  1382 | D:1      | 1382 ||| DROPPING 2 potions of attraction.
  1383 | D:1      | 1383 ||| DROPPING potion of flight.
  1498 | D:2      | 1498 ||| Stepping ~*~*~tactically~*~*~ (stealth).
  1499 | D:2      | 1499 ||| Stepping ~*~*~tactically~*~*~ (stealth).
  1506 | D:2      | 1506 ||| Stepping ~*~*~tactically~*~*~ (stealth).
  1564 | D:2      | Reached XP level 4. HP: 26/26 MP: 8/8
  2046 | D:2      | 2046 ||| READING scroll labelled RACKAI LUL TEI.
  2267 | D:3      | Reached skill level 5 in Axes
  2388 | D:3      | 2388 ||| DROPPING +0 club.
  2606 | D:3      | 2606 ||| UPGRADING to +0 chain mail.
  2747 | D:3      | 2747 ||| UPGRADING to +0 chain mail.
  2757 | D:3      | 2757 ||| DROPPING +0 ring mail.
  3076 | D:3      | 3076 ||| DRINKING 2 bubbling amethyst potions.
  3076 | D:3      | Gained mutation: Armour fits poorly on your strangely
                  | shaped body. [potion of mutation]
  3077 | D:3      | 3077 ||| DRINKING potion of mutation.
  3077 | D:3      | Lost mutation: Armour fits poorly on your strangely shaped
                  | body. [potion of mutation]
  3077 | D:3      | Gained mutation: Your natural rate of healing is unusually
                  | fast. [potion of mutation]
  3077 | D:3      | Gained mutation: You occasionally lose the ability to drink
                  | potions when taking damage. [potion of mutation]
  3077 | D:3      | Gained mutation: Your flesh is cold resistant. (rC+)
                  | [potion of mutation]
  3078 | D:3      | 3078 ||| READING 2 scrolls of identify.
  3078 | D:3      | 3078 ||| IDENTIFYING bubbling white potion
  3079 | D:3      | 3079 ||| DROPPING potion of invisibility.
  3119 | D:4      | Gained mutation: Your magical nature lets you fly swiftly
                  | and evasively. [Tengu growth]
  3119 | D:4      | Reached XP level 5. HP: 30/30 MP: 9/9
  3143 | D:4      | Noticed Ijyb
  3190 | D:4      | Killed Ijyb
  3199 | D:4      | Reached skill level 6 in Axes
  3199 | D:4      | Reached XP level 6. HP: 30/35 MP: 10/10
  3262 | D:4      | 3262 ||| Stepping ~*~*~tactically~*~*~ (stealth).
  3385 | D:4      | Noticed Sigmund
  3401 | D:4      | Killed Sigmund
  3402 | D:4      | Reached skill level 7 in Axes
  3583 | D:4      | Reached XP level 7. HP: 30/40 MP: 11/11
  3655 | D:4      | Found a white marble altar of Elyvilon.
  3801 | D:4      | Found a faded altar of an unknown god.
  3801 | D:4      | Found a hazy altar of Hepliaklqana.
  3808 | D:4      | Found a faded altar of an unknown god.
  3808 | D:4      | Found a faded altar of an unknown god.
  3836 | D:4      | 3836 ||| READING scroll labelled FIFOAB ALICVE.
  3837 | D:4      | 3837 ||| DRINKING 2 yellow potions.
  3838 | D:4      | 3838 ||| READING 5 scrolls of identify.
  3838 | D:4      | 3838 ||| IDENTIFYING red potion
  3839 | D:4      | 3839 ||| READING 4 scrolls of identify.
  3839 | D:4      | 3839 ||| IDENTIFYING fizzy black potion
  3840 | D:4      | 3840 ||| READING 3 scrolls of identify.
  3840 | D:4      | 3840 ||| IDENTIFYING dark potion
  3841 | D:4      | 3841 ||| READING 2 scrolls of identify.
  3841 | D:4      | 3841 ||| IDENTIFYING puce potion
  3842 | D:4      | 3842 ||| DROPPING potion of degeneration.
  3843 | D:4      | 3843 ||| DROPPING potion of brilliance.
  3863 | D:5      | Entered Level 5 of the Dungeon
  3874 | D:5      | 3874 ||| Stepping ~*~*~tactically~*~*~ (stealth).
  3875 | D:5      | 3875 ||| Stepping ~*~*~tactically~*~*~ (stealth).
  3886 | D:5      | Reached skill level 3 in Fighting
  3899 | D:5      | Reached skill level 8 in Axes
  4044 | D:5      | Noticed Pikel
  4049 | D:5      | Reached skill level 3 in Armour
  4053 | D:5      | HP: 9/41 [Pikel/+0 whip of freezing (3)]
  4054 | D:5      | 4054 ||| DRINKING potion of heal wounds.
  4065 | D:5      | Killed Pikel
  4066 | D:5      | Reached XP level 8. HP: 32/46 MP: 12/12
  4082 | D:5      | 4082 ||| DROPPING +0 mace.
  4120 | D:5      | Found Dumohuu's Assorted Antiques.
  4131 | D:5      | 4131 ||| BUYING scroll of identify (46 gold).
  4131 | D:5      | Bought a scroll of identify for 46 gold pieces
  4221 | D:5      | Found a broken altar of Ashenzari.
  4320 | D:5      | Found Nuitoag's Jewellery Shop.
  4331 | D:5      | 4331 ||| SHOPLISTING amulet of the acrobat (330 gold, have
                  | 155).
  4331 | D:5      | 4331 ||| SHOPLISTING ring of ice (275 gold, have 155).
  4331 | D:5      | 4331 ||| SHOPLISTING ring of protection from cold (275
                  | gold, have 155).
  4331 | D:5      | 4331 ||| SHOPLISTING ring of see invisible (165 gold, have
                  | 155).
  4350 | D:5      | 4350 ||| Stepping ~*~*~tactically~*~*~ (hiding).
  4352 | D:5      | 4352 ||| Stepping ~*~*~tactically~*~*~ (hiding).
  4624 | D:5      | 4624 ||| READING scroll labelled XYZI DOHOUHACK.
  4627 | D:5      | 4627 ||| DRINKING 3 viscous red potions.
  4683 | D:5      | 4683 ||| READING 3 scrolls of identify.
  4683 | D:5      | 4683 ||| IDENTIFYING emerald potion
  4684 | D:5      | 4684 ||| DROPPING 2 potions of lignification.
  4759 | D:6      | Reached skill level 9 in Axes
  4864 | D:6      | Found a runed translucent gate.
  4864 | D:6      | Noticed qw's ghost (amateur TeWr)
  4871 | D:6      | Found a runed translucent gate.
  4871 | D:6      | Found a runed translucent gate.
  4874 | D:6      | Identified the +1 chain mail of the Moon {Fly}
  4919 | D:6      | 4919 ||| Stepping ~*~*~tactically~*~*~ (stealth).
  4923 | D:6      | 4923 ||| Stepping ~*~*~tactically~*~*~ (hiding).
  5016 | D:6      | 5016 ||| Stepping ~*~*~tactically~*~*~ (hiding).
  5032 | D:6      | Reached XP level 9. HP: 19/52 MP: 13/13
  5037 | D:6      | HP: 13/52 [wight/+3 scimitar (2)]
  5039 | D:6      | HP: 2/52 [wight/+3 scimitar (9)]
  5042 | D:6      | Mangled by a wight

Levels and vault maps discovered:
D:1:      moated_graveyard_arrival, layout_rooms,
          dreamdust_ecumenical_altar_drowned_temple
D:2:      layout_loops_ring, minmay_misc_feat_roman
D:3:      layout_loops_corners, serial_glass, glass_columns_b, glass_columns_a
D:4:      layout_basic, mainiacjoe_overflow_alcove_2,
          nicolae_hepliaklqana_ecumenical_no_more, uniq_sigmund, uniq_ijyb
D:5:      layout_basic, mainiacjoe_overflow_chevrons, serial_shops,
          nicolae_shop_statue_plus, nicolae_stop_n_shop_1, uniq_pikel
D:6:      layout_basic, temple_green, biasface_ghost_orc_armoury, minmay_puff

Skill      XL: |  1  2  3  4  5  6  7  8 |
---------------+-------------------------+-----
Axes           | 3 4 5 6 7 8 9 |  9.7
Armour         | 2 3 |  3.5
Fighting       | 3 4 |  4.5
Throwing       | 5 |  5.0
Dodging        | |  2.1
Spellcasting   | |  2.0
Translocations | |  2.4

Action                   |  1- 3 |  4- 6 |  7- 9 || total
-------------------------+-------+-------+-------++-------
Melee: Hand axe          |    83 |   134 |   104 ||   321
       Kick              |    19 |    31 |    29 ||    79
       Peck              |     9 |    23 |    19 ||    51
       Punch             |     1 |     4 |     2 ||     7
       Unarmed           |       |    28 |       ||    28
Throw: Boomerang         |     7 |       |       ||     7
       Javelin           |       |       |    18 ||    18
  Use: Scroll            |     4 |     2 |     7 ||    13
       Potion            |     2 |     2 |     3 ||     7
 Stab: Distracted        |     1 |       |       ||     1
Armor: Leather armour    |    13 |       |       ||    13
       Ring mail         |     1 |    15 |       ||    16
       Chain mail        |       |    36 |    42 ||    78
Dodge: Dodged            |    49 |    68 |    38 ||   155

Table legend:
 A = Non-vault XP
 B = Vault XP
 C = Vault XP percentage of total XP
 D = Non-vault monster count
 E = Vault monster count
 F = Vault count percentage of total count
                 A         B        C        D         E       F
            +---------+---------+-------+---------+---------+-------
      Total |    1630 |     879 |  35.0 |     100 |       4 |   3.8
            +---------+---------+-------+---------+---------+-------
        D:1 |      46 |       1 |   2.1 |      26 |       1 |   3.7
        D:2 |      54 |       0 |   0.0 |      21 |       0 |   0.0
        D:3 |      51 |       0 |   0.0 |      14 |       0 |   0.0
        D:4 |     237 |     261 |  52.4 |      17 |       2 |  10.5
        D:5 |     600 |     617 |  50.7 |      10 |       1 |   9.1
        D:6 |     642 |       0 |   0.0 |      12 |       0 |   0.0
            +---------+---------+-------+---------+---------+-------
